 Dungeon Crawl Stone Soup version 0.25-a0-50-gf0389da217 (webtiles) character file.

Game seed: 14942374271258690208, levelgen mode: deterministic

596 Froggeryz the Cleaver (level 7, -1/59 HPs)
             Began as a Hill Orc Gladiator on Oct 24, 2019.
             Slain by Natasha (7 damage)
             ... on level 3 of the Dungeon.
             The game lasted 00:02:57 (2038 turns).

Froggeryz the Cleaver (Hill Orc Gladiator)          Turns: 2038, Time: 00:02:58

Health: -1/59      AC:  4    Str: 18    XL:     7   Next: 40%
Magic:  7/7        EV: 12    Int:  9    God:
Gold:   123        SH:  0    Dex: 12    Spells: 6/6 levels left

rFire    . . .     SeeInvis .   a - +0 war axe
rCold    . . .     Gourm    .   (no shield)
rNeg     . . .     Faith    .   b - +0 leather armour
rPois    .         Spirit   .   c - +0 helmet
rElec    .         Reflect  .   (no cloak)
rCorr    .         Harm     .   (no gloves)
MR       .....                  (no boots)
Stlth    +.........             (no amulet)
HPRegen  0.19/turn              (no ring)
MPRegen  0.10/turn              (no ring)

@: slowed, very slow
A: no striking features
a: no special abilities


You were on level 3 of the Dungeon.
You were not hungry.

You visited 1 branch of the dungeon, and saw 3 of its levels.
You also visited: Sewer.

You collected 123 gold pieces.

Inventory:

Hand Weapons
 a - a +0 war axe (weapon)
 o - a +0 hunting sling
Missiles
 d - a throwing net (quivered)
 m - 40 poisoned darts
 q - 11 stones
Armour
 b - a +0 leather armour (worn)
 c - a +0 helmet (worn)
Scrolls
 e - a scroll of random uselessness {unknown}
 g - a scroll of amnesia {unknown}
 h - 2 scrolls of remove curse {unknown}
 j - a scroll of fear {unknown}
 n - a scroll of magic mapping {unknown}
 p - a scroll of identify {unknown}
Potions
 i - a potion of curing {unknown}
 k - a potion of berserk rage {unknown}
 l - a potion of agility {unknown}
 r - a potion of lignification {unknown}
 s - a potion of heal wounds
 t - a potion of flight
Comestibles
 f - 9 rations
 u - 2 chunks of flesh


   Skills:
 + Level 4.0 Fighting
 * Level 10.2 Axes
 - Level 1.7 Throwing
 - Level 2.4 Dodging


You had 6 spell levels left.
You didn't know any spells.
Your spell library was empty.

Dungeon Overview and Level Annotations

Branches:
Dungeon (3/15)              Sewer (visited)

Altars:
Vehumet
Xom
Zin

Annotations:
D:3 Natasha


Message History

You barely miss Natasha. You slash the shadow imp!
Natasha casts a spell at you.
You feel yourself slow down.
You closely miss the shadow imp.
The shadow imp is almost dead.
You miss Natasha. The shadow imp barely misses you.
Natasha growls.
Natasha claws you! The shadow imp closely misses you.
You barely miss Natasha. You barely miss the shadow imp. Natasha claws you!
The shadow imp gestures at you. Pain shoots through your body!
* * * LOW HITPOINT WARNING * * *
Natasha claws you.
* * * LOW HITPOINT WARNING * * *
You hit Natasha.
Natasha is lightly wounded.
You hit the shadow imp.
You kill the shadow imp!
Natasha claws you!
You die...

###### ....... #....#
....... #....# .......
#....# ....... #....#
.......
######....####.......
......#...............
......#>.......†......
........h@.....#######
...........######
................#
................#
........††......#
.#####.....###### ......#
.#..A#.........###......#
_#...#_..................
.#...#......#..≈#..#.....


You could see an angel and Natasha.

Vanquished Creatures
  Grinder (D:3)
  Sigmund (D:2)
  A big kobold (Sewer)
  A howler monkey (D:2)
  Natasha (D:3)
  An adder (D:2)
  An ooze (D:2)
  5 worms
  3 dart slugs
  2 leopard geckos
  A ball python (D:3)
  3 giant cockroaches
  8 hobgoblins
  6 jackals
  A quokka (D:2)
  6 bats
  3 frilled lizards
  9 goblins
  5 kobolds
  12 rats
71 creatures vanquished.

Notes
Turn   | Place    | Note
-------+----------+-------------------------------------------
     0 | D:1      | Froggeryz the Hill Orc Gladiator began the quest for the
                  | Orb.
     0 | D:1      | Reached XP level 1. HP: 18/18 MP: 1/1
   155 | D:1      | Reached XP level 2. HP: 24/25 MP: 2/2
   338 | D:1      | Reached skill level 5 in Axes
   388 | D:1      | Reached XP level 3. HP: 25/30 MP: 3/3
   644 | D:2      | Noticed Sigmund
   650 | D:2      | Killed Sigmund
   650 | D:2      | Reached skill level 8 in Axes
   650 | D:2      | Reached XP level 4. HP: 36/37 MP: 4/4
   650 | D:2      | Reached XP level 5. HP: 41/42 MP: 5/5
   692 | D:2      | Found a radiant altar of Vehumet.
   705 | D:2      | Reached XP level 6. HP: 34/50 MP: 6/6
  1358 | D:2      | Reached skill level 9 in Axes
  1526 | D:3      | Found a glowing drain.
  1542 | Sewer    | Entered a sewer
  1858 | Sewer    | Found a glowing silver altar of Zin.
  1904 | D:3      | Found a glowing silver altar of Zin.
  1907 | D:3      | Noticed an angel
  1914 | D:3      | Found a shimmering altar of Xom.
  1919 | D:3      | Noticed Grinder
  1927 | D:3      | Paralysed by Grinder for 2 turns
  1943 | D:3      | Killed Grinder
  1943 | D:3      | Reached skill level 10 in Axes
  1943 | D:3      | Reached XP level 7. HP: 6/58 MP: 7/7
  1953 | D:3      | Noticed Natasha
  1963 | D:3      | Killed Natasha
  2028 | D:3      | Noticed Natasha
  2038 | D:3      | Slain by Natasha

Levels and vault maps discovered:
D:1:      minmay_arrival_checkered_box, layout_loops_cross
D:2:      layout_rooms, vehumet_crystals, uniq_sigmund
D:3:      minmay_diamond_boxcup, layout_basic,
          grunt_temple_overflow_order_and_chaos_1, kennysheep_slug_shrine,
          grunt_qazlal_clouds, cheibrodos_sewer_entry_drain, uniq_natasha,
          uniq_grinder

Skill      XL: |  1  2  3  4  5  6  7 |
---------------+----------------------+-----
Axes           | 5 8 10 | 10.2
Fighting       | 3 4 |  4.0
Throwing       | |  1.7
Dodging        | |  2.4

Action                   |  1- 3 |  4- 6 |  7- 9 || total
-------------------------+-------+-------+-------++-------
Melee: War axe           |    60 |   147 |     9 ||   216
Throw: Throwing net      |     1 |     2 |       ||     3
  Use: Potion            |       |     1 |     1 ||     2
 Stab: Held in net/web   |     1 |       |       ||     1
  Eat: Chunk             |       |     3 |     1 ||     4
Armor: Leather armour    |    23 |    46 |     2 ||    71
Dodge: Dodged            |    53 |   100 |     5 ||   158

Table legend:
 A = Non-vault XP
 B = Vault XP
 C = Vault XP percentage of total XP
 D = Non-vault monster count
 E = Vault monster count
 F = Vault count percentage of total count
                 A         B        C        D         E       F
            +---------+---------+-------+---------+---------+-------
      Total |     184 |     668 |  78.4 |      55 |      16 |  22.5
            +---------+---------+-------+---------+---------+-------
        D:1 |      48 |       0 |   0.0 |      26 |       0 |   0.0
        D:2 |     116 |     223 |  65.8 |      22 |       1 |   4.3
        D:3 |      20 |     337 |  94.4 |       7 |       5 |  41.7
      Sewer |       0 |     108 | 100.0 |       0 |      10 | 100.0
            +---------+---------+-------+---------+---------+-------
